 Dungeon Crawl Stone Soup version 0.31-a0-1164-geb876a39b7 (webtiles) character file.

Game seed: 6246197988925602055

114 NinoLikesCookies the Vexing (level 4, 0/37 HPs)
             Began as a Draconian Hexslinger on Dec 9, 2023.
             Slain by an orc
             ... wielding a +0 flail
              (6 damage)
             ... on level 3 of the Dungeon.
             The game lasted 00:11:06 (1492 turns).

NinoLikesCookies the Vexing (Draconian Hexslinger)  Turns: 1492, Time: 00:11:06

Health: 0/37       AC:  5    Str: 10    XL:     4   Next: 66%
Magic:  7/7        EV: 12    Int: 16    God:
Gold:   90         SH:  0    Dex: 13    Spells: 3/7 levels left

rFire   . . .        a - +1 sling
rCold   . . .        (no shield)
rNeg    . . .        (body armour unavailable)
rPois   .            (helmet restricted)
rElec   .            (no cloak)
rCorr   .            (no gloves)
SInv    .            (no boots)
Will    .....        e - amulet of regeneration
Stlth   ++           (no ring)
HPRegen 1.06/turn    (no ring)
MPRegen 0.10/turn

%: no passive effects
@: no status effects
A: AC +5, unfitting armour, cold-blooded
a: no special abilities


You were on level 3 of the Dungeon.
You visited 1 branch of the dungeon, and saw 3 of its levels.

You collected 90 gold pieces.

Inventory:

Hand Weapons
 a - a +1 sling (weapon)
 d - a +0 short sword
Missiles
 h - 2 atropa-tipped darts
 l - 2 poisoned darts
Jewellery
 e - an amulet of regeneration (around neck)
Scrolls
 f - a scroll of enchant weapon
 g - a scroll of immolation
Potions
 c - a potion of attraction {unknown}
 j - a potion of lignification
 k - a potion of mutation {unknown}


   Skills:
 * Level 2.9 Fighting
 + Level 2.0 Ranged Weapons
 + Level 2.0 Dodging
 * Level 2.0 Stealth
 * Level 2.0 Spellcasting
 + Level 3.0 Hexes
 - Level 1.0 Fire Magic


You had 3 spell levels left.
You knew the following spells:

 Your Spells              Type           Power      Damage    Failure   Level
a - Jinxbite              Hex            22%        N/A       9%          2
b - Ensorcelled Hibernat  Hex/Ice        12%        N/A       17%         2

Your spell library contained the following spells:

 Spells                   Type           Power      Damage    Failure   Level
 Sigil of Binding         Hex            11%        N/A       17%         3
 Inner Flame              Hex/Fire       8%         N/A       26%         3
 Cause Fear               Hex            5%         N/A       50%         4
 Anguish                  Hex/Necr       3%         N/A       73%         4
 Dimensional Bullseye     Hex/Tloc       3%         N/A       73%         4


Dungeon Overview and Level Annotations

Branches:
Dungeon (3/15)

Altars:
Zin


Innate Abilities, Weirdness & Mutations

Your plain brown scales are hard. (AC +5)
You cannot fit into any form of body armour.
You are cold-blooded and may be slowed by cold attacks.


Message History

You shoot a sling bullet.
The sling bullet barely misses the goblin.
The hobgoblin shouts!
The quokka barely misses you.
The hobgoblin hits you but does no damage.
The goblin barely misses you. The goblin closely misses you.
The orc hits you with a +0 flail. The quokka barely misses you.
You shoot a sling bullet. The sling bullet hits the goblin.
You kill the goblin!
The quokka bites you but does no damage.
The hobgoblin closely misses you. The goblin hits you but does no damage.
The orc hits you with a +0 flail. The quokka barely misses you.
The goblin hits you but does no damage. The orc hits you with a +0 flail!
* * * LOW HITPOINT WARNING * * *
The goblin hits you but does no damage. The hobgoblin barely misses you.
You shoot a sling bullet.
The sling bullet barely misses the goblin.
The quokka barely misses you. The goblin hits you but does no damage.
The orc closely misses you. The hobgoblin closely misses you.
The goblin hits you with a +0 club.
* * * LOW HITPOINT WARNING * * *
You shoot a sling bullet.
The sling bullet closely misses the goblin.
The quokka barely misses you. The goblin closely misses you.
The hobgoblin hits you but does no damage.
The goblin hits you but does no damage. The orc barely misses you.
The quokka bites you.
* * * LOW HITPOINT WARNING * * *
You shoot a sling bullet.
The sling bullet barely misses the goblin.
The goblin hits you but does no damage. The hobgoblin closely misses you.
The orc hits you with a +0 flail.
* * * LOW HITPOINT WARNING * * *
The goblin barely misses you. The quokka closely misses you.
You shoot a sling bullet. The sling bullet hits the goblin.
You kill the goblin!
The hobgoblin misses you. The goblin hits you but does no damage.
The quokka bites you but does no damage.
The orc hits you with a +0 flail.
You die...

# #+ #.####<#
.....#.# .....#.#
.....#.# ......o##
. . ##. #gg@## ...
#. #.. #.grg#.....
#..#..#
#..g.)......
#...<.##.##)#......
#.......#.)......
#.#.(#........#..
##...#...#.....
##.)..........
#....###.....


You could see an orc, a quokka, 2 hobgoblins and 3 goblins.

Vanquished Creatures
  Robin (D:3)
  A gnoll (D:1)
  3 adders (D:2)
  A worm (D:2)
  4 orcs
  4 endoplasms
  2 giant cockroaches
  9 goblins
  11 hobgoblins
  3 jackals (D:1)
  4 kobolds
  7 ball pythons
  5 bats
  2 rats (D:2)
57 creatures vanquished.

Notes
Turn   | Place    | Note
-------+----------+-------------------------------------------
     0 | D:1      | NinoLikesCookies the Draconian Hexslinger began the quest
                  | for the Orb.
     0 | D:1      | Reached XP level 1. HP: 16/16 MP: 2/2
    36 | D:1      | Reached XP level 2. HP: 16/23 MP: 3/3
   115 | D:1      | Reached skill level 1 in Stealth
   294 | D:1      | Reached XP level 3. HP: 29/29 MP: 5/5
   348 | D:1      | You fall into a shaft and drop 1 floor!
   579 | D:2      | Found a glowing silver altar of Zin.
   659 | D:2      | Reached skill level 3 in Hexes
   717 | D:2      | Reached XP level 4. HP: 24/37 MP: 6/6
   916 | D:2      | Found a faded altar of an unknown god.
  1427 | D:3      | Noticed Robin
  1438 | D:2      | Learned a level 2 spell: Jinxbite
  1441 | D:2      | Learned a level 2 spell: Ensorcelled Hibernation
  1473 | D:3      | Killed Robin
  1492 | D:3      | Slain by an orc

Illustrated notes

Levels and vault maps discovered:
D:1:      lemuel_arrival_lava_pool, layout_rooms
D:2:      layout_loops_corners, basic_altar,
          chequers_ecumenical_altar_simple_redux
D:3:      layout_rooms, mainiacjoe_overflow_six_doors_small,
          uniq_crazy_yiuf_cottage, uniq_ijyb, uniq_robin, uniq_natasha

Skill      XL: |  1  2  3  4 |
---------------+-------------+-----
Stealth        | 1 2 |  2.0
Fighting       | 2 |  2.9
Hexes          | 3 |  3.0
Ranged Weapons | 2 |  2.0
Dodging        | 2 |  2.0
Spellcasting   | 2 |  2.0
Fire Magic     | |  1.0

Action                     |  1- 3 |  4- 6 || total
---------------------------+-------+-------++-------
   Fire: Sling             |   122 |    69 ||   191
    Use: Scroll            |     1 |     3 ||     4
 Armour: Skin              |    58 |    72 ||   130
  Dodge: Dodged            |    50 |    99 ||   149

Table legend: (Time is in decaauts)
 A = Elapsed time spent in this place.
 B = Non-inter-level travel time spent in this place.
 C = Inter-level travel time spent in this place.
 D = Time resting spent in this place.
 E = Time spent auto-exploring this place.
 F = Levels seen in this place.
 G = Mean time per level.
                   A        B        C        D        E       F      G
               +--------+--------+--------+--------+--------+-----+--------+
         Total |   1551 |   1551 |      0 |      0 |   1021 |   3 |  517.0 |
       Dungeon |   1551 |   1551 |      0 |      0 |   1021 |   3 |  517.0 |
               +--------+--------+--------+--------+--------+-----+--------+

Top non-repeatable levels by time:
     D:2: 967 daAuts
     D:1: 533 daAuts
     D:3: 49 daAuts
